 Dungeon Crawl Stone Soup version 0.31.0-12-g77e489cdc1 (webtiles) character file.

Game seed: 4731892471474172449

58 Gadfly the Shield-Bearer (level 4, 0/28 HPs)
             Began as a Gargoyle Fighter on Mar 1, 2024.
             Slain by an orc
             ... wielding a +0 trident
              (1 damage)
             ... on level 2 of the Dungeon.
             The game lasted 00:02:37 (1309 turns).

Gadfly the Shield-Bearer (Gargoyle Fighter)         Turns: 1309, Time: 00:02:38

Health: 0/28       AC: 14    Str: 19    XL:     4   Next: 2%
Magic:  5/5        EV:  7    Int:  9    God:
Gold:   127        SH:  5    Dex: 11    Spells: 3/3 levels left

rFire   . . .        b - +1 mace (heavy)
rCold   . . .        c - +1 buckler
rNeg    + . .        i - +0 chain mail
rPois   ∞            j - +0 helmet
rElec   +            (no cloak)
rCorr   .            (no gloves)
SInv    .            (no boots)
Will    .....        (no amulet) Stlth
                     (no ring)
HPRegen 0.24/turn    (no ring)
MPRegen 0.09/turn

%: no passive effects
@: no status effects
A: sickness immunity, AC +3, negative energy resistance 1, electricity
resistance, torment resistance 1, petrification resistance
a: no special abilities


You were on level 2 of the Dungeon.
You visited 1 branch of the dungeon, and saw 2 of its levels.

You collected 127 gold pieces.

Inventory:

Hand Weapons
 a - a +0 flail
 b - a +1 heavy mace (weapon)
Armour
 c - a +1 buckler (worn)
 i - a +0 chain mail (worn)
 j - a +0 helmet (worn)
Scrolls
 e - a scroll of enchant weapon {unknown}
 f - a scroll of immolation {unknown}
 g - 2 scrolls of identify {unknown}
Potions
 d - a potion of might
 h - 2 potions of curing {unknown}


   Skills:
 + Level 3.4 Fighting
 * Level 2.6 Maces & Flails
 + Level 3.5 Armour
 + Level 3.5 Shields
 * Level 1.3 Invocations
 * Level 1.3 Evocations


You had 3 spell levels left.
You didn't know any spells.
Your spell library contained the following spells:

 Spells                   Type           Power      Damage    Failure   Level
 Call Imp                 Summ           0%         N/A       100%        2
 Summon Hydra             Summ           0%         N/A       100%        7
 Sublimation of Blood     Necr           Unusable   N/A       N/A         2

Dungeon Overview and Level Annotations

Branches:
Dungeon (2/15)

Altars:


Innate Abilities, Weirdness & Mutations

You are immune to sickness and miasma.
Your stone body is resilient. (AC +3)
You are immune to poison.
You resist negative energy. (rN+)
You are resistant to electric shocks. (rElec)
You are resistant to unholy torment.
You are immune to petrification.


Message History

You have reached level 4!
You feel clever.
You barely miss the orc. You block the hobgoblin's attack.
The orc hits you from afar with a +0 trident.
The orc hits you but does no damage. The kobold hits you but does no damage.
The orc hits you but does no damage. The kobold hits you but does no damage.
The hobgoblin hits you but does no damage.
The orc hits you but does no damage.
Unknown command.
You completely miss the orc. You block the hobgoblin's attack.
The orc barely misses you. You block the orc's attack.
The orc hits you with a +0 dagger.
The kobold hits you with a +0 short sword.
The orc hits you but does no damage.
The kobold hits you with a +0 short sword.
The orc hits you but does no damage. The hobgoblin barely misses you.
The orc hits you but does no damage.
You closely miss the orc.
The hobgoblin hits you but does no damage.
The orc hits you but does no damage. The orc hits you with a +0 club.
* * * LOW HITPOINT WARNING * * *
The orc hits you but does no damage. The kobold hits you but does no damage.
The orc hits you but does no damage. x2
The kobold hits you but does no damage. You block the orc's attack.
The hobgoblin hits you but does no damage.
The orc closely misses you.
You barely miss the hobgoblin. The orc hits you with a +0 club.
* * * LOW HITPOINT WARNING * * *
You block the hobgoblin's attack. The orc hits you but does no damage. x2
You block the orc's attack. The kobold hits you but does no damage.
The orc barely misses you. The orc hits you but does no damage.
The kobold hits you but does no damage. The orc hits you with a +0 club.
* * * LOW HITPOINT WARNING * * *
The hobgoblin hits you but does no damage.
The orc hits you but does no damage.
You barely miss the hobgoblin. The orc barely misses you.
The hobgoblin hits you.
* * * LOW HITPOINT WARNING * * *
The orc hits you from afar with a +0 trident.
You die...

#....##### #....#
#.#....... #....#
#.#.#...## #....#
#.#.#.<... #....#
#.#.#....# #....#
#.###... #....# #.......
####..Kg# ########
......o@# .......
####..oo################
......o.................
.####.#############.....
... #.#### ##.. #.# #.
#.# #. #.# #.#


You could see 4 orcs, a hobgoblin and a kobold.

Vanquished Creatures
  3 dart slugs
  2 ribbon worms (D:2)
  An orc (D:2)
  7 bats
  4 endoplasms
  3 giant cockroaches
  3 goblins (D:1)
  2 hobgoblins (D:1)
  2 kobolds
  4 quokkas
  3 ball pythons (D:1)
  3 frilled lizards
  6 rats
43 creatures vanquished.

Notes
Turn   | Place    | Note
-------+----------+-------------------------------------------
     0 | D:1      | Gadfly the Gargoyle Fighter began the quest for the Orb.
     0 | D:1      | Reached XP level 1. HP: 14/14 MP: 1/1
    83 | D:1      | Reached XP level 2. HP: 13/19 MP: 2/2
   149 | D:1      | Reached skill level 1 in Invocations
   410 | D:1      | Reached XP level 3. HP: 21/23 MP: 3/3
   434 | D:1      | Reached skill level 1 in Evocations
   527 | D:1      | Found a faded altar of an unknown god.
  1305 | D:2      | Reached XP level 4. HP: 19/28 MP: 5/5
  1309 | D:2      | HP: 1/28 [hobgoblin (3)]
  1309 | D:2      | Slain by an orc

Illustrated notes

Levels and vault maps discovered:
D:1:      grunt_arrival_crossed_arrows, layout_basic,
          hellmonk_ecumenical_altar_pennies_from_heaven, hex_intersection,
          minmay_hexomino_r4
D:2:      layout_basic

Skill      XL: |  1  2  3 |
---------------+----------+-----
Invocations    | 1 |  1.3
Evocations     | 1 |  1.3
Fighting       | |  3.4
Maces & Flails | |  2.6
Armour         | |  3.5
Shields        | |  3.5

Action                     |  1- 3 |  4- 6 || total
---------------------------+-------+-------++-------
  Melee: Flail             |    45 |       ||    45
         Mace              |    73 |     5 ||    78
    Use: Scroll            |     3 |       ||     3
 Armour: Scale mail        |    73 |       ||    73
         Chain mail        |    32 |    33 ||    65
  Dodge: Dodged            |    72 |     5 ||    77
  Block: Buckler           |    35 |     6 ||    41
